Map: Ulrena

Players

EsDeath

  • Race: Zerg Zerg
  • League: Grandmaster

lllllllll (Probe) - Winner!

  • Race: Protoss Protoss
  • League: Master

VOD

Have the link to the VOD?

Description

Time

  • Played on: Nov. 18, 2015, 1:43 a.m.
  • Length: 10:24
Show
View Real Time Build Order
Export as new Build Order

EsDeath Zerg 

Build Orders: Hatch First 

Get SALT Encoding   

  12  0:00  Drone  
  13  0:12  Overlord  
  13  0:18  Drone  
  14  0:30  Drone  
  14  0:31  Drone  
  14  0:35  Drone  
  17  0:53  Hatchery  
  17  0:56  Drone  
  17  0:59  Drone  
  18  1:07  Drone  
  19  1:20  Drone, Spawning Pool  
  19  1:29  Drone  
  20  1:50  Hatchery  
  19  1:55  Drone x2  
  21  2:06  Queen  
  21  2:07  Queen  
  25  2:11  Zergling x2  
  26  2:18  Drone x2  
  28  2:32  Overlord  
  28  2:34  Overlord  
  28  2:50  Queen x2  
  32  2:51  Drone x2  
  32  2:52  Drone x2  
  32  2:56  Drone  
  37  3:01  Queen  
  39  3:08  Drone x3  
  42  3:13  Drone x2  
  42  3:14  Drone  
  42  3:19  Drone x2  
  47  3:22  Extractor  
  47  3:23  Extractor  
  47  3:24  Overlord  
  45  3:29  Spore Crawler  
  45  3:31  Drone  
  45  3:34  Spore Crawler  
  44  3:35  Drone x2  
  44  3:37  Drone  
  44  3:40  Spore Crawler  
  46  3:52  Drone  
  46  3:53  Drone x5  
  52  3:57  Drone x2  
  52  4:01  Drone x3  
  57  4:04  Drone  
  57  4:09  Lair  
  58  4:20  Evolution Chamber  
  58  4:22  Roach Warren  
  56  4:28  Overlord  
  56  4:29  Overlord x2  
  55  4:34  Extractor  
  55  4:35  Extractor  
  53  4:46  Zerg Melee Weapons Level 1  
  53  4:48  Drone x13  
  66  4:54  Drone x3  
  69  5:03  Drone x5  
  69  5:05  Overlord, Extractor  
  69  5:06  Overlord, Extractor  
  72  5:21  Overlord  
  72  5:23  Drone  
  72  5:24  Drone x5  
  72  5:25  Hatchery  
  72  5:26  Roach  
  79  5:30  Roach x2  
  79  5:31  Overseer  
  79  5:34  Roach x2  
  87  5:42  Roach x5  
  97  5:44  Metabolic Boost  
  97  5:53  Overlord x2  
  97  5:57  Ravager  
  97  6:03  Overlord x2  
  97  6:04  Overlord x2  
  98  6:11  Glial Reconstitution  
  98  6:14  Roach x8  
  98  6:15  Overlord  
  98  6:17  Overlord  
  114  6:22  Ravager x6  
  120  6:34  Roach x2  
  120  6:36  Evolution Chamber, Zergling x12  
  129  6:41  Spire  
  129  6:47  Spire  
  129  6:48  Zerg Melee Weapons Level 2  
  129  6:50  Drone x2  
  129  6:51  Drone x6  
  136  6:55  Zergling x8  
  141  7:01  Ravager x2  
  141  7:02  Ravager  
  141  7:03  Zergling x12  
  149  7:09  Queen  
  149  7:12  Ravager x2  
  149  7:15  Ravager  
  153  7:26  Extractor, Zergling x30  
  153  7:27  Extractor  
  153  7:29  Ravager  
  167  7:34  Overlord x2  
  166  7:46  Zergling x2  
  161  8:00  Overlord  
  161  8:02  Zergling x30  
  139  8:43  Zergling x24  
  145  9:11  Mutalisk  
  145  9:12  Mutalisk x15  
  146  9:33  Mutalisk x7  
  146  9:38  Drone x4  
  164  9:50  Zergling x18  
  167  10:15  Hatchery  
Show
View Real Time Build Order
Export as new Build Order

lllllllll Protoss - Winner!

Build Orders: 1 Gate Expand 

Get SALT Encoding   

  12  0:01  Probe (Chrono Boost)  
  13  0:12  Probe (Chrono Boost)  
  14  0:22  Probe (Chrono Boost), Pylon  
  15  0:40  Probe (Chrono Boost)  
  15  0:42  Gateway  
  16  0:50  Probe (Chrono Boost)  
  16  0:52  Assimilator  
  17  1:01  Probe (Chrono Boost)  
  18  1:11  Probe (Chrono Boost)  
  19  1:21  Nexus  
  19  1:31  Cybernetics Core  
  19  1:34  Probe (Chrono Boost)  
  20  1:44  Assimilator  
  20  1:45  Probe (Chrono Boost)  
  21  1:53  Pylon  
  21  1:55  Probe (Chrono Boost)  
  22  2:06  Probe (Chrono Boost)  
  23  2:17  Mothership Core (Chrono Boost)  
  25  2:25  Warp Gate  
  25  2:34  Probe (Chrono Boost)  
  25  2:35  Probe (Chrono Boost)  
  29  2:44  Sentry  
  29  2:45  Probe (Chrono Boost)  
  29  2:46  Probe (Chrono Boost)  
  31  2:55  Probe (Chrono Boost)  
  31  2:56  Probe (Chrono Boost)  
  33  3:02  Nexus  
  33  3:06  Probe (Chrono Boost)  
  33  3:07  Probe (Chrono Boost)  
  33  3:11  Sentry  
  37  3:16  Probe (Chrono Boost)  
  37  3:17  Probe (Chrono Boost)  
  39  3:20  Pylon  
  40  3:27  Probe (Chrono Boost)  
  40  3:28  Probe (Chrono Boost)  
  41  3:37  Sentry, Gateway, Probe (Chrono Boost)  
  41  3:38  Probe (Chrono Boost)  
  41  3:39  Gateway  
  45  3:48  Probe (Chrono Boost)  
  46  3:49  Probe (Chrono Boost)  
  46  3:55  Pylon  
  47  3:58  Probe (Chrono Boost), Forge  
  47  3:59  Probe (Chrono Boost)  
  49  4:08  Pylon  
  49  4:09  Probe (Chrono Boost)  
  50  4:10  Probe (Chrono Boost)  
  51  4:17  Assimilator  
  51  4:18  Probe (Chrono Boost), Assimilator  
  51  4:19  Probe (Chrono Boost)  
  51  4:20  Probe (Chrono Boost)  
  54  4:24  Phoenix  
  54  4:28  Probe (Chrono Boost)  
  54  4:30  Probe x2 (Chrono Boost)  
  54  4:31  Protoss Ground Weapons Level 1 (Chrono Boost)  
  57  4:37  Probe  
  57  4:40  Probe  
  57  4:41  Probe  
  57  4:45  Sentry, Adept x2, Pylon  
  66  4:48  Probe  
  66  4:50  Probe  
  68  4:53  Probe  
  68  4:55  Robotics Facility  
  68  4:58  Probe  
  69  5:01  Probe  
  69  5:05  Probe  
  72  5:09  Probe  
  72  5:11  Probe  
  72  5:12  Twilight Council  
  74  5:15  Pylon  
  74  5:17  Probe  
  74  5:18  Gateway  
  74  5:19  Probe, Gateway  
  76  5:21  Gateway  
  76  5:22  Probe, Photon Cannon  
  77  5:30  Probe  
  77  5:32  Probe  
  77  5:35  Pylon  
  79  5:38  Gateway  
  79  5:39  Immortal (Chrono Boost), Gateway  
  79  5:47  Adept x2  
  79  5:49  Charge (Chrono Boost)  
  87  5:59  Adept  
  87  6:01  Pylon  
  87  6:03  Probe  
  90  6:04  Assimilator  
  90  6:07  Assimilator  
  90  6:09  Pylon  
  90  6:12  Immortal  
  94  6:25  Zealot, Stargate  
  94  6:26  Zealot x4, Stargate  
  94  6:27  Pylon  
  94  6:29  Pylon  
  94  6:30  Protoss Ground Weapons Level 2  
  104  6:34  Zealot x3  
  110  6:49  Observer  
  110  6:50  Pylon  
  110  6:52  Pylon  
  111  7:00  Zealot x8  
  127  7:11  Immortal  
  127  7:13  Phoenix x2 (Chrono Boost)  
  131  7:16  Resonating Glaives  
  135  7:24  Zealot x2  
  135  7:28  Templar Archives  
  139  7:34  Zealot x2  
  139  7:35  Zealot, Phoenix (Chrono Boost)  
  147  7:50  Immortal  
  141  7:59  Zealot x4  
  141  8:00  Zealot x2  
  149  8:09  Zealot x2  
  130  8:20  Phoenix x2 (Chrono Boost)  
  130  8:24  Immortal, Zealot  
  130  8:25  Zealot x5  
  140  8:34  High Templar x2  
  140  8:38  Archon  
  144  8:46  Void Ray (Chrono Boost)  
  148  8:52  Nexus  
  148  8:53  Pylon  
  148  8:54  Pylon  
  148  8:56  Pylon  
  140  9:12  Zealot x7  
  140  9:13  Zealot  
  146  9:33  High Templar x8  
  146  9:37  Photon Cannon, Archon  
  146  9:38  Archon x3  
  162  9:51  Observer  
  162  9:58  Pylon  
  163  10:00  Assimilator  
  163  10:04  Assimilator  
  163  10:06  Stalker x7  
Tags
 
Add a new tag
Caveats
  • Supply blocks, unpowered buildings, or Contaminate may cause inaccurate times.
  • Supply counts are checked every 10 seconds.